 Dungeon Crawl Stone Soup version 0.25-a0-517-gf8b3a32422 (webtiles) character file.

Game seed: 15525928870200601838, levelgen mode: deterministic

6066 Flugslaktarn the Cleaver (level 10, -5/92 HPs)
             Began as a Deep Dwarf Fighter on Feb 17, 2020.
             Was an Elder of Makhleb.
             Slain by a skeletal warrior
             ... wielding a +2 war axe of flaming
             ... led by a skeletal warrior
              (6 damage)
             ... on level 11 of the Dungeon.
             The game lasted 00:04:43 (5274 turns).

Flugslaktarn the Cleaver (Deep Dwarf Fighter)       Turns: 5274, Time: 00:04:43

Health: -5/92      AC: 16    Str: 22    XL:     10   Next: 57%
Magic:  7/7        EV:  8    Int: 13    God:    Makhleb [****..]
Gold:   154        SH: 11    Dex: 13    Spells: 9/9 levels left

rFire    . . .     SeeInvis .   g - +0 hand axe (elec)
rCold    . . .     Gourm    .   c - +0 kite shield
rNeg     + . .     Faith    .   b - +0 scale mail
rPois    +         Spirit   .   j - +2 helmet
rElec    .         Reflect  .   y - +2 ratskin cloak {+Rats rPois rN+ Str-1 Int-1 Dex+1}
rCorr    .         Harm     .   l - +0 pair of gloves
MR       +....                  (no boots)
Stlth    ..........             (no amulet)
HPRegen  0.00/turn              (no ring)
MPRegen  0.10/turn              (no ring)

@: brilliant, non-regenerating
A: damage resistance, heal wounds, sense surroundings 2, no regeneration
a: Heal Wounds, Minor Destruction, Lesser Servant of Makhleb, Major Destruction,
Renounce Religion, Evoke Ratskin


You were on level 11 of the Dungeon.
You worshipped Makhleb.
Makhleb was greatly pleased with you.
You were not hungry.

You visited 2 branches of the dungeon, and saw 12 of its levels.

You collected 394 gold pieces.
You spent 240 gold pieces at shops.

Inventory:

Hand Weapons
 a - a +0 war axe
 g - a +0 hand axe of electrocution (weapon)
   (You took it off an orc on level 7 of the Dungeon)
Armour
 b - a +0 scale mail (worn)
 c - a +0 kite shield (worn)
 j - a +2 helmet (worn)
   (You found it on level 5 of the Dungeon)
 l - a +0 pair of gloves (worn)
   (You found it on level 6 of the Dungeon)
 y - the +2 ratskin cloak (worn) {+Rats rPois rN+ Str-1 Int-1 Dex+1}
   (You found it on level 6 of the Dungeon)

   It affects your strength (-1).
   It affects your intelligence (-1).
   It affects your dexterity (+1).
   It protects you from poison.
   It protects you from negative energy.
   If you remove this armour, your AC will decrease by 4 (16 -> 12).
Jewellery
 k - an uncursed ring of flight {unknown}
   (You found it on level 3 of the Dungeon)
 n - a cursed amulet of inaccuracy {unknown}
   (You found it on level 4 of the Dungeon)
 o - an uncursed amulet of magic regeneration {unknown}
   (You found it on level 8 of the Dungeon)
Wands
 v - a wand of digging (10)
   (You found it on level 8 of the Dungeon)
Scrolls
 p - a scroll of immolation {unknown}
 r - 5 scrolls of identify
 t - 3 scrolls of teleportation
 u - 2 scrolls of enchant weapon {unknown}
 z - 2 scrolls of blinking
 A - a scroll of magic mapping
 B - 2 scrolls of remove curse
 F - a scroll of holy word {unknown}
 G - a scroll of brand weapon {unknown}
 H - a scroll of noise {unknown}
 I - a scroll of enchant armour {unknown}
Potions
 d - 2 potions of might
 f - a potion of invisibility
 h - a potion of haste
 i - a potion of mutation {unknown}
 m - a potion of brilliance
 q - 3 potions of curing
 s - 3 potions of agility
 w - a potion of heal wounds
 x - 2 potions of ambrosia {unknown}
 D - a potion of degeneration {unknown}
 E - a potion of berserk rage {unknown}
Comestibles
 e - 16 rations
 C - a chunk of flesh


   Skills:
 + Level 6.7 Fighting
 * Level 10.5 Axes
 + Level 8.0 Armour
 + Level 8.0 Shields
 + Level 7.6 Invocations


You had 9 spell levels left.
You didn't know any spells.
Your spell library was empty.

Dungeon Overview and Level Annotations

Branches:
Dungeon (11/15)            Temple (1/1) D:4
   Lair: D:8-11         Orc: D:9-12

Altars:
Ashenzari
Dithmenos
Hepliaklqana
Makhleb
Okawaru
Trog
Uskayaw
Wu Jian
Xom
Yredelemnul

Shops:
D:5 [[[(   D:8 =%*

Portals:
Abyss: D:9

Annotations:
D:9 2 transporters, Poecishroyz's ghost, novice TrHu


Innate Abilities, Weirdness & Mutations

You are resistant to damage.
You can heal yourself by infusing magical energy.
You passively map the area around you.
You do not regenerate.


Message History

Lightning courses through the skeletal warrior!
The skeletal warrior is severely damaged.
You block the skeletal warrior's attack.
You hit the skeletal warrior but do no damage.
The skeletal warrior is severely damaged.
You block the skeletal warrior's attack.
You hit the skeletal warrior but do no damage.
The skeletal warrior is severely damaged.
The skeletal warrior hits you but does no damage.
You completely miss the skeletal warrior.
The skeletal warrior is severely damaged.
You barely miss the skeletal warrior.
The skeletal warrior is severely damaged.
You block the skeletal warrior's attack.
You slash the skeletal warrior!
The skeletal warrior is severely damaged.
The skeletal warrior hits you with a +2 war axe of flaming!!
* * * LOW HITPOINT WARNING * * *
The skeletal warrior burns you!
You die...

* ,* * ,, * * * ,
, , ### * *,, ,,
* ** *###.. * , *
,,,* , ,...# *,
,* ,* *#.######
** ,
*,*####.zz@..# ,
** , #....####.#
, , ,
.##.##.##.####<#
, ,
.........z..##.#
,
###.......#.##.#
*, *,
*#..#.##.#.##..,,
* , .... #.
#..!.... ,* * * ,
,... #.*#.#......
* , ,,.., #.
#.####..., , , ,


You could see 2 skeletal warriors.

Vanquished Creatures
  2 two-headed ogres
  Maggie (D:7)
  A wyvern (D:10)
  A wraith (D:10)
  A yak (D:7)
  A human (D:7)
  3 hogs (D:7)
  2 sky beasts
  3 ice beasts
  2 black bears
  3 orc warriors (D:10)
  2 phantoms
  5 ogres
  2 centaurs
  2 bullfrogs
  2 water moccasin zombies
  5 scorpions
  5 crimson imps
  6 howler monkeys
  A bullfrog zombie (D:7)
  A centaur skeleton (D:7)
  3 hounds
  4 jellies
  5 orc priests
  An iguana (D:9)
  Ijyb (D:3)
  3 orc wizards
  4 worker ants
  3 hell rats (D:6)
  10 adders
  4 river rats (D:6)
  A shadow imp (D:5)
  An ooze (D:3)
  2 adder zombies
  2 worms
  2 dart slugs
  7 leopard geckos
  35 orcs
  A bat (D:1)
  8 giant cockroaches
  3 goblins (D:2)
  2 hobgoblins (D:1)
  15 jackals
  5 quokkas
  A frilled lizard (D:4)
  A jackal skeleton (D:4)
  6 kobolds
  14 rats (D:6)
195 creatures vanquished.

Notes
Turn   | Place    | Note
-------+----------+-------------------------------------------
     0 | D:1      | Flugslaktarn the Deep Dwarf Fighter began the quest for the
                  | Orb.
     0 | D:1      | Reached XP level 1. HP: 20/20 MP: 1/1
    83 | D:1      | Reached XP level 2. HP: 27/27 MP: 2/2
   252 | D:2      | Reached skill level 3 in Axes
   252 | D:2      | Reached XP level 3. HP: 28/33 MP: 3/3
   268 | D:3      | Noticed Ijyb
   280 | D:3      | Killed Ijyb
   358 | D:3      | Reached XP level 4. HP: 29/42 MP: 4/4
   448 | D:4      | Reached skill level 4 in Axes
   448 | D:4      | Reached XP level 5. HP: 33/49 MP: 5/5
   449 | D:4      | Noticed an ogre
   452 | D:4      | Noticed an ogre
   462 | D:4      | Killed an ogre
   466 | D:4      | Killed an ogre
   466 | D:4      | Reached XP level 6. HP: 50/57 MP: 5/5
   568 | D:4      | Reached skill level 5 in Axes
   600 | D:4      | Found a staircase to the Ecumenical Temple.
   681 | Temple   | Entered the Ecumenical Temple
   702 | Temple   | Became a worshipper of Makhleb the Destroyer
   887 | D:4      | Reached skill level 1 in Invocations
   887 | D:4      | Reached XP level 7. HP: 40/64 MP: 6/6
  1114 | D:5      | Entered Level 5 of the Dungeon
  1242 | D:5      | Reached skill level 5 in Armour
  1242 | D:5      | Reached skill level 5 in Shields
  1288 | D:5      | Found Gyfieheh's Armour Shop.
  1288 | D:5      | You fall into a shaft and drop 1 floor!
  1296 | D:6      | Reached skill level 6 in Axes
  1446 | D:5      | Found Datist's Armour Shoppe.
  1749 | D:5      | Found Cytwown's Weapon Shop.
  1839 | D:5      | Reached XP level 8. HP: 25/73 MP: 4/6
  1980 | D:5      | Found Yce Kus's Antique Armour Boutique.
  2202 | D:6      | Reached * piety under Makhleb
  2209 | D:6      | Reached skill level 7 in Axes
  2442 | D:6      | Reached ** piety under Makhleb
  2456 | D:6      | Found the +2 ratskin cloak {+Rats rPois rN+ Str-1 Int-1
                  | Dex+1}
  2808 | D:7      | Noticed Maggie
  2836 | D:7      | Killed Maggie
  2836 | D:7      | Reached skill level 5 in Fighting
  2862 | D:7      | Noticed a +0 dagger
  3003 | D:7      | Reached skill level 8 in Axes
  3022 | D:7      | Gained mutation: You passively map the area around you.
                  | [Deep Dwarf growth]
  3022 | D:7      | Reached XP level 9. HP: 52/81 MP: 6/6
  3059 | D:7      | Noticed a +0 hand axe
  3072 | D:7      | Found a hide-covered altar of Uskayaw.
  3126 | D:7      | Reached skill level 5 in Invocations
  3297 | D:7      | Reached skill level 9 in Axes
  3446 | D:8      | Found Nuty's Jewellery Shop.
  3523 | D:8      | Found Kenilo's Food Shoppe.
  3618 | D:8      | Found Tibeoj's General Store.
  3629 | D:8      | Bought a potion of haste for 160 gold pieces
  3629 | D:8      | Bought a potion of heal wounds for 80 gold pieces
  3773 | D:9      | Noticed a two-headed ogre
  3791 | D:9      | Killed a two-headed ogre
  3791 | D:9      | Reached *** piety under Makhleb
  3791 | D:9      | Reached XP level 10. HP: 29/91 MP: 8/8
  4014 | D:9      | Found a transporter.
  4021 | D:9      | Noticed a toenail golem
  4031 | D:9      | Noticed a toenail golem
  4034 | D:9      | Found a one-way gate to the infinite horrors of the Abyss.
  4034 | D:9      | Noticed Poecishroyz's ghost (novice TrHu)
  4060 | D:9      | Noticed a sun demon
  4070 | D:9      | Noticed a thrashing horror
  4094 | D:9      | Found a transporter.
  4394 | D:10     | Entered Level 10 of the Dungeon
  4446 | D:10     | Reached skill level 10 in Axes
  4682 | D:10     | Noticed a two-headed ogre
  4703 | D:10     | Killed a two-headed ogre
  4789 | D:10     | Reached **** piety under Makhleb
  5236 | D:11     | Noticed a skeletal warrior
  5238 | D:11     | Noticed a skeletal warrior
  5274 | D:11     | HP: 1/92 [skeletal warrior/+2 war axe of flaming[a skeletal
                  | warrior] (22)]
  5274 | D:11     | Slain by a skeletal warrior

Levels and vault maps discovered:
D:1:      giann_horns, layout_loops_ring
D:2:      layout_basic, first_ration, serial_bayou, serial_bayou_shore_a,
          serial_bayou_ford_a, serial_bayou_pond_c, serial_bayou_pond_a,
          serial_bayou_pond_e, minmay_close_crescents
D:3:      layout_rooms, cheibrodos_sewer_entry_bend, uniq_ijyb
D:4:      layout_loops_ring, temple_pool_b
D:5:      layout_loops_corners, serial_shops, nicolae_shop_window_shopping,
          nicolae_shop_competitors_out_of_business, shop, kennysheep_mini
D:6:      wander_guarded_unrand_ratskin, layout_rooms
D:7:      layout_gridville, dancing_weapons_uskayaw, grunt_livestock,
          uniq_maggie
D:8:      layout_cave_pools, serial_shops, shop, nicolae_shop_waterfront, shop
D:9:      layout_cave_pools, gammafunk_ghost_abyssal_escape
D:10:     layout_cave_pods
D:11:     layout_loops_cross, lair_entry_dummy, erik_orc_4
Temple:   regret_index_temple_sigil_plot

Skill      XL: |  1  2  3  4  5  6  7  8  9 10 |
---------------+-------------------------------+-----
Axes           | 3 4 5 6 8 9 10 | 10.5
Fighting       | 3 4 5 6 |  6.7
Armour         | 4 5 6 7 8 |  8.0
Shields        | 4 5 6 7 8 |  8.0
Invocations    | 1 3 4 6 7 |  7.6

Action                   |  1- 3 |  4- 6 |  7- 9 | 10-12 || total
-------------------------+-------+-------+-------+-------++-------
Melee: War axe           |    61 |    70 |   244 |       ||   375
       Unarmed           |     7 |       |       |       ||     7
       Hand axe          |       |       |   171 |   220 ||   391
 Abil: Heal Wounds       |       |     4 |    12 |     6 ||    22
  Use: Scroll            |       |       |     7 |       ||     7
       Potion            |       |       |     1 |     1 ||     2
 Stab: Confused          |     1 |       |       |       ||     1
  Eat: Chunk             |       |       |    10 |     5 ||    15
Armor: Scale mail        |    27 |    17 |   168 |    58 ||   270
       Skin              |     2 |       |       |       ||     2
Dodge: Dodged            |    19 |    23 |    95 |    32 ||   169
Block: Kite shield       |    42 |    30 |   193 |    89 ||   354

Table legend:
 A = Non-vault XP
 B = Vault XP
 C = Vault XP percentage of total XP
 D = Non-vault monster count
 E = Vault monster count
 F = Vault count percentage of total count
                 A         B        C        D         E       F
            +---------+---------+-------+---------+---------+-------
      Total |    7115 |    1551 |  17.9 |     166 |      29 |  14.9
            +---------+---------+-------+---------+---------+-------
        D:1 |      15 |       0 |   0.0 |       8 |       0 |   0.0
        D:2 |      22 |       5 |  18.5 |      10 |       1 |   9.1
        D:3 |      60 |      36 |  37.5 |       9 |       1 |  10.0
        D:4 |     608 |       0 |   0.0 |      17 |       0 |   0.0
        D:5 |     527 |       0 |   0.0 |      18 |       0 |   0.0
        D:6 |     636 |     169 |  21.0 |      19 |      21 |  52.5
        D:7 |     783 |    1341 |  63.1 |      17 |       6 |  26.1
        D:8 |     746 |       0 |   0.0 |      13 |       0 |   0.0
        D:9 |    1433 |       0 |   0.0 |      21 |       0 |   0.0
       D:10 |    2232 |       0 |   0.0 |      32 |       0 |   0.0
       D:11 |      53 |       0 |   0.0 |       2 |       0 |   0.0
            +---------+---------+-------+---------+---------+-------
